 Dungeon Crawl Stone Soup version 0.30-a0-29-g142975f185 (webtiles) character file.

Game seed: 196999245444919002

177 Shayle the Sneak (level 5, -4/38 HPs)
             Began as a Vampire Enchanter on Aug 26, 2022.
             Killed from afar by Pikel (9 damage)
             ... with a puff of flame
             ... on level 4 of the Dungeon.
             The game lasted 00:15:36 (2785 turns).

Shayle the Sneak (Vampire Enchanter)                Turns: 2785, Time: 00:15:37

Health: -4/38      AC:  2    Str:  6 (9)  XL:     5   Next: 30%
Magic:  1/9        EV: 12    Int: 16 (18) God:
Gold:   180        SH:  0    Dex: 12 (14) Spells: 7/9 levels left

rFire   . . .      SeeInvis +    a - +1 dagger
rCold   . . .      Faith    .    (no shield)
rNeg    . . .      Spirit   .    b - +0 robe
rPois   .          Reflect  .    (no helmet)
rElec   .          Harm     .    (no cloak)
rCorr   .          Rampage  .    (no gloves)
Will    .....                    (no boots)
Stlth   +++.......               (no amulet)
HPRegen 0.32/turn                (no ring)
MPRegen 0.11/turn                (no ring)

@: very slightly contaminated, healing quickly, invisible
A: alive, fangs 3, see invisible, vampiric 2
a: Exsanguinate


You were on level 4 of the Dungeon.
You visited 1 branch of the dungeon, and saw 4 of its levels.

You collected 180 gold pieces.

Inventory:

Hand Weapons
 a - a +1 dagger (weapon)
Armour
 b - a +0 robe (worn)
Scrolls
 f - 2 scrolls of identify {unknown}
 g - a scroll of magic mapping {unknown}
 h - a scroll of torment {unknown}
Potions
 c - a potion of invisibility
 d - a potion of curing
 i - a potion of mutation {unknown}


   Skills:
 + Level 1.6 Fighting
 + Level 2.3 Short Blades
 + Level 3.2 Dodging
 + Level 5.5 Stealth
 + Level 2.7 Spellcasting
 + Level 5.3 Hexes


You had 7 spell levels left.
You knew the following spells:

 Your Spells              Type           Power      Damage    Failure   Level
a - Ensorcelled Hibernat  Hex/Ice        20%        N/A       10%         2

Your spell library contained the following spells:

 Spells                   Type           Power      Damage    Failure   Level
 Confusing Touch          Hex            19%        N/A       6%          3
 Tukima's Dance           Hex            19%        N/A       6%          3
 Sandblast                Erth           4%         2d4       19%         1
 Dazzling Flash           Conj/Hex       20%        N/A       19%         3
 Passwall                 Tmut/Erth      1%         N/A       28%         2
 Stone Arrow              Conj/Erth      4%         3d7       50%         3
 Silence                  Hex/Air        5%         N/A       87%         5
 Agony                    Necr           2%         N/A       99%         5


Dungeon Overview and Level Annotations

Branches:
Dungeon (4/15)
 Temple: D:4-7

Altars:

Annotations:
D:3 Robin
D:4 Pikel


Innate Abilities, Weirdness & Mutations

Your natural rate of healing is accelerated.
You have razor-sharp teeth.
You have supernaturally acute eyesight. (SInv)
You are afflicted with vampirism and can become a bat while bloodless.


Message History

Okay, then.
It was a potion of curing.
You feel better.
Pikel hits you with a +1 whip of electrocution.
You feel better. Pikel closely misses you.
You fade into invisibility!
Pikel hits you with a +1 whip of electrocution.
You catch the helpless Pikel completely off-guard!
You puncture Pikel!
Pikel is heavily wounded.
Pikel completely misses you.
You closely miss Pikel. Your bite misses Pikel.
Pikel is heavily wounded.
Pikel hits you with a +1 whip of electrocution!
* * * LOW HITPOINT WARNING * * *
Casting: Ensorcelled Hibernation (safe; 9% risk of failure)
Confirm with . or Enter, or press ? or * to list all spells.
Aiming: Ensorcelled Hibernation (safe; 9% risk of failure)
Press: ? - help, Shift-Dir - straight line, f/p - Pikel
Aim: Pikel, wielding a +1 whip of electrocution, wearing a +2 robe of willpower and carrying a wand of flame (17) (heavily wounded, unable to see you, chance to affect: 15%)
You miscast Ensorcelled Hibernation.
You are very lightly contaminated with residual magic.
Nothing appears to happen.
Pikel closely misses you.
You closely miss Pikel. Your bite misses Pikel.
Pikel is heavily wounded.
Pikel barely misses you.
You barely miss Pikel.
Pikel is heavily wounded.
You hit Pikel. Your bite misses Pikel.
Pikel is heavily wounded.
Pikel hits you with a +1 whip of electrocution!
* * * LOW HITPOINT WARNING * * *
You closely miss Pikel.
Pikel is heavily wounded.
Pikel closely misses you.
Okay, then.
It was a potion of degeneration.
There was something very wrong with that liquid.
You feel weakened.
You feel dopey.
You feel clumsy.
Pikel zaps a wand.
The puff of flame hits you!
You die...

#### .5# #5# #5#
##K######
.#.##########@.......#
..>..........!.#####.#
.........#####.#
.$..####.# #.# .# #.#
#.# #.# #.# #.# #.#
#..####.#####.#
#.............#


You could see Pikel (unable to see you) and 3 lemures.

Vanquished Creatures
  Natasha (twice) (D:3)
  6 adders
  A worm (D:3)
  6 endoplasms
  5 giant cockroaches
  8 hobgoblins
  9 jackals
  3 kobolds
  4 quokkas
  10 ball pythons
  4 bats
  A frilled lizard (D:1)
  4 goblins
  4 rats
67 creatures vanquished.

Notes
Turn   | Place    | Note
-------+----------+-------------------------------------------
     0 | D:1      | Shayle the Vampire Enchanter began the quest for the Orb.
     0 | D:1      | Reached XP level 1. HP: 13/13 MP: 3/3
   302 | D:1      | Reached XP level 2. HP: 16/19 MP: 5/5
   327 | D:1      | Found a faded altar of an unknown god.
   839 | D:2      | Gained mutation: You are afflicted with vampirism and can
                  | become a bat while bloodless. [Vampire growth]
   839 | D:2      | Reached XP level 3. HP: 21/25 MP: 6/6
   932 | D:2      | Learned a level 2 spell: Ensorcelled Hibernation
   969 | D:2      | Reached skill level 1 in Fighting
  1214 | D:2      | Reached skill level 5 in Stealth
  1602 | D:2      | Reached skill level 5 in Hexes
  1602 | D:2      | Reached XP level 4. HP: 26/32 MP: 2/7
  2260 | D:3      | Noticed Natasha
  2265 | D:3      | Killed Natasha
  2372 | D:3      | Reached XP level 5. HP: 30/37 MP: 5/8
  2575 | D:3      | Noticed Natasha
  2582 | D:3      | Killed Natasha
  2700 | D:3      | Noticed Robin
  2759 | D:4      | Noticed a lemure
  2761 | D:4      | Noticed a lemure
  2762 | D:4      | Noticed Pikel
  2767 | D:4      | Noticed a lemure
  2785 | D:4      | Killed from afar by Pikel

Illustrated notes

Levels and vault maps discovered:
D:1:      dpeg_cavernosity, layout_loops_ring, ebering_ecumenical_altar_ruins
D:2:      layout_basic, minmay_pentomino_p4
D:3:      layout_basic, uniq_robin, uniq_natasha
D:4:      layout_loops_ring, jmf_multi_god_temple2, lightli_sewer_entry_pipes,
          uniq_pikel

Skill      XL: |  1  2  3  4 |
---------------+-------------+-----
Fighting       | 1 |  1.6
Stealth        | 5 |  5.5
Hexes          | 5 |  5.3
Short Blades   | 2 |  2.3
Dodging        | 3 |  3.2
Spellcasting   | |  2.7

Action                   |  1- 3 |  4- 6 || total
-------------------------+-------+-------++-------
Melee: Dagger            |   107 |    82 ||   189
       Punch             |     2 |       ||     2
       Bite              |     8 |     5 ||    13
 Cast: Ensorcelled Hiber |     9 |    20 ||    29
  Use: Scroll            |     1 |       ||     1
       Potion            |       |     4 ||     4
 Stab: Sleeping          |    19 |    16 ||    35
       Invisible         |       |     1 ||     1
Armor: Robe              |    15 |    10 ||    25
Dodge: Dodged            |    64 |    43 ||   107

Table legend: (Time is in decaauts)
 A = Elapsed time spent in this place.
 B = Non-inter-level travel time spent in this place.
 C = Inter-level travel time spent in this place.
 D = Time resting spent in this place.
 E = Time spent auto-exploring this place.
 F = Levels seen in this place.
 G = Mean time per level.
                   A        B        C        D        E       F      G
               +--------+--------+--------+--------+--------+-----+--------+
         Total |   2767 |   2718 |     49 |    255 |   1761 |   4 |  691.8 |
       Dungeon |   2767 |   2718 |     49 |    255 |   1761 |   4 |  691.8 |
               +--------+--------+--------+--------+--------+-----+--------+

Top non-repeatable levels by time:
     D:2: 1329 daAuts
     D:1: 819 daAuts
     D:3: 542 daAuts
     D:4: 76 daAuts
